 Dungeon Crawl Stone Soup version 0.24.1-14-gf8d2b509d9 (webtiles) character file.

Game seed: 18337674502326135651, levelgen mode: deterministic

37 Hugehornet the Insei (level 3, -1/23 HPs)
             Began as an Octopode Transmuter on May 17, 2020.
             Succumbed to Crazy Yiuf's poison
             ... on level 3 of the Dungeon.
             The game lasted 00:01:55 (2370 turns).

Hugehornet the Insei (Octopode Transmuter)          Turns: 2370, Time: 00:01:56

Health: -1/23      AC:  2    Str:  9    XL:     3   Next: 39%
Magic:  4/7        EV: 19    Int: 16    God:
Gold:   101        SH:  0    Dex: 17    Spells: 1/7 levels left

rFire    + . .     SeeInvis .     - Unarmed
rCold    . . .     Gourm    .   (shield currently unavailable)
rNeg     . . .     Faith    .   (helmet currently unavailable)
rPois    x         Spirit   .   (no amulet)
rElec    .         Reflect  .   i - ring of protection from fire
rCorr    .         Harm     .   (no ring)
MR       .....                  (no ring)
Stlth    ++........             (no ring)
HPRegen  0.07/turn              (no ring)
MPRegen  0.10/turn              (no ring)
                                (no ring)
                                (no ring)

@: lethally poisoned (-1 -> -30), spider-form
A: tiny, almost no armour, stealthy swim, (amphibious), 8 rings, (constrict 8)
a: End Transformation


You were on level 3 of the Dungeon.
You were not hungry.
You were a venomous arachnid creature.
You visited 1 branch of the dungeon, and saw 3 of its levels.

You collected 101 gold pieces.

Inventory:

Missiles
 a - 12 arrows
Jewellery
 i - a ring of protection from fire (left front leg)
Potions
 e - 3 potions of curing
 f - a potion of heal wounds
 j - a potion of degeneration {unknown}
Comestibles
 c - 5 rations


   Skills:
 - Level 1.0 Fighting
 - Level 2.0 Dodging
 + Level 3.0 Unarmed Combat
 + Level 2.7 Spellcasting
 - Level 3.0 Transmutations
 * Level 0.4 Poison Magic


You had one spell level left.
You knew the following spells:

 Your Spells              Type           Power        Failure   Level  Hunger
a - Beastly Appendage     Tmut           ##....       16%         1    #......
b - Sticks to Snakes      Tmut           ##......     22%         2    ##.....
c - Spider Form           Tmut/Pois      #.........   50%         3    ###....

Your spell library contained the following spells:

 Spells                   Type           Power        Failure   Level  Hunger
 Ice Form                 Ice/Tmut       #.......     87%         4    #####..
 Blade Hands              Tmut           ##........   94%         5    ######.


Dungeon Overview and Level Annotations

Branches:
Dungeon (3/15)

Altars:
Okawaru
Qazlal
The Shining One

Annotations:
D:3 1 runed translucent door, Crazy Yiuf


Innate Abilities, Weirdness & Mutations

You cannot wear most types of armour.
You are very stealthy in the water. (Stealth+)
((You are amphibious.))
You can wear up to eight rings at the same time.
((You can use your tentacles to constrict eight enemies at once.))
((Your skin changes colour to match your surroundings (Stealth+).))
((Your rubbery body absorbs attacks. (AC +1, EV +1)))


Message History

Your surroundings suddenly seem different.
Found a mace.
Found a runed translucent door.
Crazy Yiuf the Enlightened comes into view.
He is wielding a +3 quarterstaff of chaos.
Casting: Beastly Appendage (safe; 5% risk of failure)
Confirm with . or Enter, or press ? or * to list all spells.
You turn into a venomous arachnid creature.
Crazy Yiuf shouts!
Crazy Yiuf misses you.
You hit Crazy Yiuf.
Crazy Yiuf is poisoned.
Crazy Yiuf is lightly wounded.
Crazy Yiuf hits you with a +3 quarterstaff of chaos!
Ouch! That really hurt!
You hit Crazy Yiuf but do no damage.
Crazy Yiuf looks as sick as possible!
Crazy Yiuf is lightly wounded.
Crazy Yiuf hits you with a +3 quarterstaff of chaos!
* * * LOW HITPOINT WARNING * * *
You are lethally poisoned!
You bite Crazy Yiuf!
Crazy Yiuf looks as sick as possible!
Crazy Yiuf is heavily wounded.
You die...

#####
#)g.#
#..s#
#...#
##+##
#. ##


You could see Crazy Yiuf.

Vanquished Creatures
  An adder (D:2)
  3 leopard geckos
  2 bats (D:1)
  3 giant cockroaches
  4 hobgoblins (D:1)
  2 jackals (D:1)
  3 frilled lizards
  2 goblins (D:1)
  5 rats
25 creatures vanquished.

Notes
Turn   | Place    | Note
-------+----------+-------------------------------------------
     0 | D:1      | Hugehornet the Octopode Transmuter began the quest for the
                  | Orb.
     0 | D:1      | Reached XP level 1. HP: 13/13 MP: 3/3
   267 | D:1      | Reached XP level 2. HP: 18/18 MP: 3/5
  1508 | D:1      | Learned a level 2 spell: Sticks to Snakes
  1553 | D:2      | Reached XP level 3. HP: 22/23 MP: 5/7
  1558 | D:2      | Learned a level 3 spell: Spider Form
  1728 | D:2      | Found an iron altar of Okawaru.
  1867 | D:2      | Found a faded altar of an unknown god.
  2018 | D:2      | Found a glowing golden altar of the Shining One.
  2018 | D:2      | Found a stormy altar of Qazlal.
  2366 | D:3      | Found a runed translucent door.
  2367 | D:3      | Noticed Crazy Yiuf
  2369 | D:3      | HP: 1/23 [Crazy Yiuf/+3 quarterstaff of chaos (11)]
  2370 | D:3      | Succumbed to Crazy Yiuf's poison

Levels and vault maps discovered:
D:1:      wander_arrival_fairy_ring, layout_loops_corners, minmay_bisected
D:2:      layout_basic, gammafunk_temple_overflow_statue, lemuel_crystal_altar,
          chequers_ecumenical_altar_simple_redux
D:3:      layout_loops_ring, cheibrodos_sewer_entry_bend, first_ration,
          uniq_crazy_yiuf_cottage

Skill      XL: |  1  2 |
---------------+-------+-----
Transmutations | 3 |  3.0
Fighting       | |  1.0
Dodging        | |  2.0
Unarmed Combat | |  3.0
Spellcasting   | |  2.7
Poison Magic   | |  0.4

Action                   || total
-------------------------++-------
Melee: Unarmed           ||    63
       Constrict         ||    15
       Kick              ||    11
       Tentacles         ||     4
       Punch             ||     1
 Cast: Beastly Appendage ||    19
       Spider Form       ||     1
  Use: Scroll            ||     5
 Stab: Sleeping          ||     1
  Eat: Chunk             ||     3
       Ration            ||     1
Armor: Skin              ||     7
Dodge: Dodged            ||    41
